 Dungeon Crawl Stone Soup version 0.31-a0-662-g684573625c (webtiles) character file.

Game seed: 7108342107569183006

26 ytrimaz the Changeling (level 3, 36/36 HPs)
             Began as an Ogre Shapeshifter on Aug 31, 2023.
             Quit the game on level 1 of the Dungeon.
             The game lasted 00:00:52 (671 turns).

ytrimaz the Changeling (Ogre Shapeshifter)           Turns: 671, Time: 00:00:53

Health: 36/36      AC:  3    Str: 18    XL:     3   Next: 8%
Magic:  3/3        EV:  9    Int: 11    God:
Gold:   19         SH:  0    Dex: 10    Spells: 2/2 levels left

rFire   . .          .
                       - Unarmed
rCold   . . .        (no shield)
rNeg    . . .        a - +0 animal skin
rPois   .            (helmet currently unavailable)
rElec   .            (cloak currently unavailable)
rCorr   .            (gloves unavailable)
SInv    .            (boots unavailable)
Will    .....        (no amulet)
Stlth   +            (no ring)
HPRegen 0.26/turn    (no ring)
MPRegen 0.08/turn

%: no passive effects
@: beast-form
A: beast (slay +2), large, unfitting armour, tough skin 1
a: Begin Untransformation


You were on level 1 of the Dungeon.
You were a hulking beast.
You visited 1 branch of the dungeon, and saw 1 of its levels.

You collected 19 gold pieces.


Innate Abilities, Weirdness & Mutations

You are a hulking beast.
Your limbs bulge with bestial killing power. (Slay +2)
You are too large for most types of armour.
You have tough skin. (AC +1)


   Skills:
 + Level 2.9 Fighting
 - Level 1.7 Dodging
 - Level 2.6 Unarmed Combat
 + Level 3.5 Shapeshifting


You had 2 spell levels left.
You didn't know any spells.
Your spell library contained the following spells:

 Spells                   Type           Power      Damage    Failure   Level
 Magic Dart               Conj           0%         1d3       34%         1
 Searing Ray              Conj           0%         2d4       47%         2
 Fulminant Prism          Conj/Hex       0%         3d5       98%         4

Inventory:

Missiles
 e - 2 throwing nets
Armour
 a - a +0 animal skin (worn)
Talismans
 c - a beast talisman (active)
 d - a flux talisman
Scrolls
 f - a scroll of teleportation {unknown}
Potions
 b - 3 potions of lignification
 g - a potion of ambrosia {unknown}

Dungeon Overview and Level Annotations

Branches:
Dungeon (1/15) Zot: 5332

Altars:

#...#.#. #.......#
........ #.......+
........ #.......#
....#.. #.......##+## ..
#.. #............ #..
#.r.......... #..
#............ #..
########h....... #..
#............... #..
#.######..#.#+##.#.......
#.######..#.#.##.#....##.
#.##.....................
#.##.#...................
#.##.###.................
#.........#..............
####.................###.


You could see a rat.


Message History

The bat closely misses you. The kobold hits you but does no damage.
You hit the kobold. The bat barely misses you. The kobold closely misses you.
The ball python barely misses you.
You closely miss the kobold. The bat barely misses you.
The ball python bites you but does no damage.
The kobold barely misses you.
Unknown command.
You barely miss the kobold. The bat misses you. The ball python bites you.
The kobold completely misses you. 😕 HP[-1]
You take 1 damage, and now have 28/29 hp.
You barely miss the kobold. The bat hits you but does no damage.
The ball python bites you but does no damage.
The bat hits you.
The kobold hits you but does no damage. 😕 HP[-1]
You take 1 damage, and now have 27/29 hp.
You hit the kobold.
You kill the kobold!
The bat hits you but does no damage. The ball python bites you.
You have reached level 3!
Your experience leads to an increase in your attributes!
Increase (S)trength, (I)ntelligence, or (D)exterity?
You feel agile. x2; You feel stronger. 😕 HP[+4] MP[+1]
You now have 36 max hp (+7).
You regained 4 hp, and now have 31/36 hp.
Your mp is fully restored (3).
You hit the ball python.
You kill the ball python!
The bat barely misses you.
You hit the bat.
You kill the bat! 😕 HP[+1]
Things that are here:
a +0 dagger; a kobold corpse No target in view!
Unknown command.
No target in view!
A bat comes into view.
A bat is nearby!
A bat is nearby! 😕 HP[+1] Unknown command.
The bat hits you but does no damage.
You hit the bat. The bat hits you but does no damage.
The bat hits you but does no damage. The bat closely misses you.
You hit the bat.
You kill the bat! 😕 HP[+1] No target in view!
Unknown command.
No target in view!
b - 3 potions of lignification (gained 2)
You see here a staff of air. 😎 HP[+2]
Your hp is fully restored (36).
Key pressed, stopping explore.
A ball python comes into view.
A ball python is nearby!
A ball python is nearby!
The ball python hisses angrily.
A ball python is nearby!
A ball python is nearby!
You barely miss the ball python. The ball python bites you. 😕 HP[-1]
You take 1 damage, and now have 35/36 hp.
A ball python is nearby!
A ball python is nearby!
You hit the ball python.
You kill the ball python!
You see here a ball python corpse.
No target in view!
No target in view!
Found a stone staircase leading down. 😎 HP[+1]
Your hp is fully restored (36).
Unknown command.
No target in view!
Key pressed, stopping explore.
Key pressed, stopping explore.
No target in view!
Key pressed, stopping explore.
No target in view!
Key pressed, stopping explore.
No target in view!
Key pressed, stopping explore.
Key pressed, stopping explore.
No target in view!
Key pressed, stopping explore.
No target in view!
You open the door.
There is an open door here.
Key pressed, stopping explore.
A rat comes into view.
The rat moves out of view.
A rat is nearby!
A rat is nearby!
A rat is nearby!
A rat is nearby!
Are you sure you want to abandon this character and quit the game? (Confirm with "yes".)

Skill      XL: |  1 |
---------------+----+-----
Fighting       | 2 |  2.9
Dodging        | |  1.7
Unarmed Combat | |  2.6
Shapeshifting  | |  3.5

Action                     || total
---------------------------++-------
  Melee: Unarmed           ||    67
 Armour: Animal skin       ||    52
  Dodge: Dodged            ||    40

Levels and vault maps discovered:
D:1:      minmay_arrival_diagonal_passages, layout_basic

Notes
Turn   | Place    | Note
-------+----------+-------------------------------------------
     0 | D:1      | ytrimaz the Ogre Shapeshifter began the quest for the Orb.
     0 | D:1      | Reached XP level 1. HP: 19/19 MP: 1/1
     0 | D:1      | magus.rc [v1.9.6]
    85 | D:1      | Reached skill level 2 in Fighting
   186 | D:1      | Reached XP level 2. HP: 27/28 MP: 2/2
   364 | D:1      | You pick up a book of Conjurations and begin reading...
   364 | D:1      | You add the spells Magic Dart, Searing Ray and Fulminant
                  | Prism to your library.
   414 | D:1      | Reached XP level 3. HP: 31/36 MP: 3/3
   671 | D:1      | Quit the game

Vanquished Creatures
  A dart slug (D:1)
  4 ball pythons (D:1)
  3 bats (D:1)
  3 endoplasms (D:1)
  2 giant cockroaches (D:1)
  2 jackals (D:1)
  A quokka (D:1)
  2 frilled lizards (D:1)
  A goblin (D:1)
  3 kobolds (D:1)
  A rat (D:1)
23 creatures vanquished.

Table legend:
 A = Non-vault XP
 B = Vault XP
 C = Vault XP percentage of total XP
 D = Non-vault monster count
 E = Vault monster count
 F = Vault count percentage of total count
                 A         B        C        D         E       F
            +---------+---------+-------+---------+---------+-------
      Total |      38 |       0 |   0.0 |      23 |       0 |   0.0
            +---------+---------+-------+---------+---------+-------
        D:1 |      38 |       0 |   0.0 |      23 |       0 |   0.0
            +---------+---------+-------+---------+---------+-------

Skill      XL: |  1 |
---------------+----+-----
Fighting       | 2 |  2.9
Dodging        | |  1.7
Unarmed Combat | |  2.6
Shapeshifting  | |  3.5

Action                     || total
---------------------------++-------
  Melee: Unarmed           ||    67
 Armour: Animal skin       ||    52
  Dodge: Dodged            ||    40

Illustrated notes

Table legend:
 A = Kills in this place as a percentage of kills in the entire game.
 B = Kills by you in this place as a percentage of kills by you in the entire game.
 C = Kills by friends in this place as a percentage of kills by friends in the entire game.
 D = Other kills in this place as a percentage of other kills in the entire game.
 E = Experience gained in this place as a percentage of experience gained in the entire game.
 F = Experience gained in this place divided by the number of levels of this place that you have seen.
                   A       B       C       D       E      F
               +-------+-------+-------+-------+-------+----------------------
         Total | 100.0 | 100.0 |   N/A |   N/A | 100.0 |  38.0
       Dungeon | 100.0 | 100.0 |   N/A |   N/A | 100.0 |  38.0
               +-------+-------+-------+-------+-------+----------------------

Table legend: (Time is in decaauts)
 A = Elapsed time spent in this place.
 B = Non-inter-level travel time spent in this place.
 C = Inter-level travel time spent in this place.
 D = Time resting spent in this place.
 E = Time spent auto-exploring this place.
 F = Levels seen in this place.
 G = Mean time per level.
                   A        B        C        D        E       F      G
               +--------+--------+--------+--------+--------+-----+--------+
         Total |    667 |    667 |      0 |      0 |    502 |   1 |  667.0 |
       Dungeon |    667 |    667 |      0 |      0 |    502 |   1 |  667.0 |
               +--------+--------+--------+--------+--------+-----+--------+

Top non-repeatable levels by time:
     D:1: 667 daAuts
